 Dungeon Crawl Stone Soup version 0.24.0-123-gd5b16e6ec5 (webtiles) character file.

Game seed: 439061632337875755, levelgen mode: deterministic

5009 hazymike the Grappler (level 10, 0/96 HPs)
             Began as a Troll Wizard on Feb 3, 2020.
             Was a Priest of Uskayaw.
             Slain by a wolf (7 damage)
             ... led by Grum
             ... on level 9 of the Dungeon.
             The game lasted 00:49:44 (8680 turns).

hazymike the Grappler (Troll Wizard)                Turns: 8680, Time: 00:49:45

Health: 0/96       AC:  7    Str: 18    XL:     10   Next: 29%
Magic:  12/12      EV: 17    Int: 16    God:    Uskayaw [***...]
Gold:   561        SH:  0    Dex:  8    Spells: 7/13 levels left

rFire    . . .     SeeInvis .     - Unarmed
rCold    . . .     Gourm    +   (no shield)
rNeg     . . .     Faith    .   a - +0 robe
rPois    .         Spirit   .   b - +1 hat
rElec    .         Reflect  .   (no cloak)
rCorr    .         Harm     .   (gloves unavailable)
MR       .....                  (boots unavailable)
Stlth    +.........             (no amulet)
HPRegen  0.66/turn              p - +4 ring of evasion
MPRegen  0.13/turn              y - +2 ring of evasion

@: no status effects
A: large, unfitting armour, claws 3, fast metabolism 3, gourmand, regeneration
1, shaggy fur 1, tough skin 3
a: Stomp, Line Pass, Renounce Religion


You were on level 9 of the Dungeon.
You worshipped Uskayaw.
Uskayaw was noncommittal.
You were not hungry.

You visited 2 branches of the dungeon, and saw 10 of its levels.
You also visited: Sewer and Bailey.

You collected 561 gold pieces.

Inventory:

Missiles
 c - 338 stones
 f - 56 poisoned darts
 t - 11 boomerangs (quivered)
Armour
 a - a +0 robe (worn)
 b - a +1 hat (worn)
Jewellery
 p - a +4 ring of evasion (left claw)
 v - an uncursed amulet of faith
 y - a +2 ring of evasion (right claw)
 B - an uncursed amulet of guardian spirit {unknown}
Wands
 i - a wand of clouds (2)
 o - a wand of random effects (12)
Scrolls
 g - 2 scrolls of enchant armour
 h - a scroll of magic mapping
 j - 3 scrolls of blinking
 q - a scroll of vulnerability {unknown}
 x - 2 scrolls of remove curse
 z - 3 scrolls of teleportation
Potions
 e - 9 potions of heal wounds {unknown}
 k - 3 potions of haste {unknown}
 l - 4 potions of degeneration {unknown}
 m - a potion of mutation {unknown}
 n - 3 potions of flight {unknown}
 r - 4 potions of might
 s - 4 potions of curing
 u - a potion of ambrosia
 w - a potion of resistance {unknown}
 A - a potion of agility {unknown}
Comestibles
 d - 13 rations


   Skills:
 + Level 5.0 Fighting
 + Level 5.4 Dodging
 - Level 1.0 Stealth
 * Level 8.9 Unarmed Combat
 + Level 2.1 Spellcasting
 + Level 4.1 Conjurations
   Level 0.6 Summonings
 - Level 4.0 Translocations
 + Level 2.2 Fire Magic
 + Level 1.0 Invocations


You had 7 spell levels left.
You knew the following spells:

 Your Spells              Type           Power        Failure   Level  Hunger
a - Magic Dart            Conj           ###.         3%          1    #......
b - Blink                 Tloc           N/A          6%          2    ###....
c - Conjure Flame         Conj/Fire      ##......     16%         3    ###....

Your spell library contained the following spells:

 Spells                   Type           Power        Failure   Level  Hunger
 Searing Ray              Conj           ###...       5%          2    ###....
 Call Imp                 Summ           #.......     24%         2    ###....
 Dazzling Spray           Conj/Hex       #.....       26%         3    ###....
 Poisonous Vapours        Pois/Air       #.....       30%         2    ###....
 Slow                     Hex            #.......     30%         2    ###....
 Mephitic Cloud           Conj/Pois/Air  #.......     34%         3    ###....
 Force Lance              Conj/Tloc      ##......     36%         4    #####..
 Iskenderun's Mystic Bla  Conj           ###.....     36%         4    #####..
 Fulminant Prism          Conj/Hex       #.........   65%         4    #####..
 Freezing Cloud           Conj/Ice/Air   #.........   100%        6    #######
 Ring of Flames           Chrm/Fire      #.........   100%        7    #######


Dungeon Overview and Level Annotations

Branches:
Dungeon (9/15)             Temple (1/1) D:6            Lair (0/6) D:9
  Sewer (visited)          Bailey (visited)
    Orc: D:9-12

Altars:
Ashenzari
Cheibriados
Dithmenos
Elyvilon
Fedhas
Gozag
Hepliaklqana
Kikubaaqudgha
Makhleb
Nemelex Xobeh
Okawaru
Qazlal
Ru
Sif Muna
Trog
Uskayaw
Vehumet
Wu Jian
Xom
Yredelemnul
Zin
The Shining One

Annotations:
D:3 1 runed translucent door, exclusion: door, Crazy Yiuf
D:9 Grum


Innate Abilities, Weirdness & Mutations

You are too large for most types of armour.
You have claws for hands.
Your metabolism is lightning-fast.
You like to eat raw meat.
Your natural rate of healing is unusually fast.
You are covered in fur. (AC +1)
You have extremely tough skin. (AC +3)


Message History

You kill the wolf!
Your Invocations skill increases to level 1!
Grum barely misses you. The wolf misses you.
You closely miss the wolf. The wolf barely misses you.
Grum hits you but does no damage.
You scratch the wolf.
The wolf is lightly wounded.
The wolf completely misses you.
You barely miss the wolf.
The wolf is lightly wounded.
The wolf stops to sniff the ground.
The wolf barely misses you.
Grum hits you from afar with a +0 spear!
* * * LOW HITPOINT WARNING * * *
The wolf bites you!
* * * LOW HITPOINT WARNING * * *
You closely miss the wolf.
The wolf is lightly wounded.
The wolf bites you!
You die...

,* *,,,,,,* #####'### ** *>,,,,,*
#.### *,,,,,,* #...## ** **,*****
###..# ,* *,,,,* #######'### ,*
*****####+##* ###.........# ,*
*,,,,.......*#####.'.........#
,***,,,,.......##.....#...<.....#
,,,*,,,,......gh@.#####......<..#
,*,+,,,,.......#### #.........#
,***,,,,..._...* #.........# **
*,,,,.......* ########### ,*
*****#......* ** ####..(* ####*


You could see Grum and a wolf.

Vanquished Creatures
  An orc knight (Bailey)
  Grinder (Sewer)
  A hornet (D:8)
  2 hippogriffs (D:7)
  Prince Ribbit (D:6)
  Duvessa (D:7)
  3 orc warriors
  A necrophage (Sewer)
  A phantom (D:4)
  An ogre (D:5)
  3 wolves (D:9)
  Blork the orc (D:6)
  4 big kobolds
  5 bullfrogs
  Dowan (D:7)
  2 scorpions
  6 killer bees (D:7)
  2 howler monkeys (D:4)
  2 crimson imps
  A bullfrog zombie (D:5)
  2 hounds
  A centaur skeleton (D:6)
  9 orc priests
  14 orc wizards
  3 bullfrog skeletons
  8 worker ants
  5 big kobold zombies (Sewer)
  Robin (D:2)
  A howler monkey skeleton (D:5)
  6 adders
  9 gnolls
  7 shadow imps
  2 ufetubi (Sewer)
  An ooze (D:1)
  3 worms
  3 dart slugs (D:1)
  5 leopard geckos
  31 orcs
  6 bats
  7 giant cockroaches
  18 goblins
  6 hobgoblins
  17 jackals
  A quokka (D:3)
  3 ball pythons
  A ball python zombie (D:5)
  9 frilled lizards
  30 kobolds
  3 kobold zombies (Sewer)
  2 leopard gecko skeletons (D:4)
  A leopard gecko zombie (D:5)
  A quokka skeleton (D:8)
  A quokka zombie (D:7)
  6 rats
263 creatures vanquished.

Vanquished Creatures (collateral kills)
  2 gnolls (D:6)
  An orc (D:6)
3 creatures vanquished.

Grand Total: 266 creatures vanquished

Notes
Turn   | Place    | Note
-------+----------+-------------------------------------------
     0 | D:1      | hazymike the Troll Wizard began the quest for the Orb.
     0 | D:1      | Reached XP level 1. HP: 16/16 MP: 2/2
   102 | D:1      | Reached skill level 1 in Unarmed Combat
   102 | D:1      | Reached XP level 2. HP: 26/26 MP: 4/4
   106 | D:1      | Learned a level 2 spell: Blink
   165 | D:1      | Reached skill level 1 in Conjurations
   383 | D:1      | Reached XP level 3. HP: 32/32 MP: 5/5
   732 | D:2      | Reached skill level 1 in Translocations
   938 | D:2      | Reached skill level 1 in Fighting
  1120 | D:2      | Reached skill level 2 in Unarmed Combat
  1151 | D:2      | Noticed Robin
  1168 | D:2      | Killed Robin
  1168 | D:2      | Reached XP level 4. HP: 36/41 MP: 6/6
  1635 | D:3      | Found a glowing drain.
  1659 | Sewer    | Entered a sewer
  1775 | Sewer    | Reached XP level 5. HP: 32/48 MP: 7/7
  1832 | Sewer    | Found an ancient bone altar of Kikubaaqudgha.
  1838 | Sewer    | Identified the cursed +1 chain mail "Zar Bugro" {rF++
                  | Regen+ Dex-4 SInv}
  1866 | Sewer    | Reached skill level 3 in Unarmed Combat
  1866 | Sewer    | Noticed Grinder
  1922 | Sewer    | Reached XP level 6. HP: 25/57 MP: 8/8
  1946 | Sewer    | Paralysed by Grinder for 6 turns
  1966 | Sewer    | Killed Grinder
  1966 | Sewer    | Reached skill level 4 in Unarmed Combat
  2084 | Sewer    | Reached XP level 7. HP: 65/65 MP: 9/9
  2742 | D:3      | Found a runed translucent door.
  2743 | D:3      | Noticed Crazy Yiuf
  3109 | D:4      | Reached skill level 5 in Unarmed Combat
  3234 | D:4      | Reached XP level 8. HP: 65/74 MP: 10/10
  3348 | D:4      | Found an iron altar of Okawaru.
  3700 | D:5      | Entered Level 5 of the Dungeon
  4119 | D:5      | Reached skill level 6 in Unarmed Combat
  4916 | D:6      | Reached XP level 9. HP: 57/84 MP: 11/11
  5006 | D:6      | Noticed Prince Ribbit
  5009 | D:6      | Noticed Blork the orc
  5022 | D:6      | Killed Prince Ribbit
  5022 | D:6      | Reached skill level 7 in Unarmed Combat
  5138 | D:6      | Killed Blork the orc
  5312 | D:6      | Found a staircase to the Ecumenical Temple.
  5321 | Temple   | Entered the Ecumenical Temple
  5552 | Temple   | Became a worshipper of Uskayaw the Reveler
  5668 | D:6      | Reached * piety under Uskayaw
  5673 | D:6      | Learned a level 3 spell: Conjure Flame
  5861 | D:7      | Reached ** piety under Uskayaw
  5991 | D:7      | Reached *** piety under Uskayaw
  6085 | D:7      | Reached **** piety under Uskayaw
  6157 | D:7      | Found a shattered altar of Ashenzari.
  6433 | D:7      | Reached skill level 1 in Fire Magic
  6562 | D:7      | Noticed Duvessa
  6599 | D:7      | Killed Duvessa
  6609 | D:7      | Noticed Dowan
  6641 | D:7      | Killed Dowan
  6763 | D:7      | Reached skill level 5 in Dodging
  6763 | D:7      | Reached skill level 8 in Unarmed Combat
  7313 | D:8      | Paralysed by a hornet for 3 turns
  7319 | D:8      | Reached XP level 10. HP: 61/94 MP: 12/12
  8115 | D:9      | Found a flagged portal.
  8149 | Bailey   | Entered a bailey
  8149 | Bailey   | Noticed an orc knight
  8177 | Bailey   | Killed an orc knight
  8507 | D:9      | Reached skill level 5 in Fighting
  8658 | D:9      | Found a shimmering altar of Xom.
  8658 | D:9      | Noticed Grum
  8676 | D:9      | Reached skill level 1 in Invocations
  8680 | D:9      | Slain by a wolf

Levels and vault maps discovered:
D:1:      ncdulo_smallfort, layout_basic
D:2:      layout_basic, uniq_robin
D:3:      layout_loops_ring, portal_sewer_entry_d, uniq_crazy_yiuf_cottage
D:4:      layout_basic, first_ration, hangedman_decor_points, lemuel_tele_altar
D:5:      layout_basic
D:6:      layout_cave_pools, lemuel_temple_firewalk_b, uniq_blork_the_orc,
          uniq_prince_ribbit1
D:7:      layout_loops_ring, old_standard_altar, uniq_duvessa
D:8:      layout_loops_corners
D:9:      layout_roguey, lair_entry_dummy, basic_altar, enter_bailey_3,
          uniq_grum
Temple:   roderic_octagonal_lattice_temple

Skill      XL: |  1  2  3  4  5  6  7  8  9 10 |
---------------+-------------------------------+-----
Unarmed Combat | 1 2 3 4 5 6 8 |  8.9
Conjurations   | 1 2 3 4 |  4.1
Translocations | 1 2 3 4 |  4.0
Fighting       | 1 2 3 4 5 |  5.0
Dodging        | 2 3 4 5 |  5.4
Fire Magic     | 2 |  2.2
Invocations    | 1 |  1.0
Stealth        | |  1.0
Spellcasting   | |  2.1
Summonings     | |  0.6

Action                   |  1- 3 |  4- 6 |  7- 9 | 10-12 || total
-------------------------+-------+-------+-------+-------++-------
Melee: Unarmed           |   139 |   191 |   597 |   112 ||  1039
       Punch             |     1 |     4 |    12 |     2 ||    19
Throw: Stone             |    10 |     1 |     1 |       ||    12
       Boomerang         |       |       |    61 |     9 ||    70
  Use: Scroll            |       |     4 |     9 |     1 ||    14
 Stab: Sleeping          |     1 |     1 |     1 |       ||     3
       Paralysed         |       |       |     5 |     1 ||     6
  Eat: Chunk             |    16 |     8 |    50 |     6 ||    80
Armor: Robe              |    55 |    86 |   116 |    10 ||   267
Dodge: Dodged            |    60 |    88 |   297 |   115 ||   560
